 Dungeon Crawl Stone Soup version 0.24.0-13-gcf9b319 (webtiles) character file.

Game seed: 15856020775886288707, levelgen mode: deterministic

7695 Fang the Fighter (level 11, 0/72 HPs)
             Began as a Gargoyle Berserker on Nov 21, 2019.
             Was a High Priest of Trog.
             Slain by a polar bear (12 damage)
             ... on level 9 of the Dungeon.
             The game lasted 00:09:42 (9276 turns).

Fang the Fighter (Gargoyle Berserker)               Turns: 9276, Time: 00:09:42

Health: 0/72       AC: 24    Str: 25    XL:     11   Next: 19%
Magic:  11/11      EV:  7    Int:  7    God:    Trog [*****.]
Gold:   417        SH:  7    Dex:  9    Spells: 10/10 levels left

rFire    . . .     SeeInvis .   a - +0 broad axe
rCold    . . .     Gourm    +   M - +0 shield
rNeg     + . .     Faith    .   b - +0 plate armour
rPois    ∞         Spirit   .   l - +1 helmet
rElec    +         Reflect  .   (no cloak)
rCorr    .         Harm     .   (no gloves)
MR       .....                  (no boots)
Stlth    ..........             p - amulet of the gourmand
HPRegen  0.22/turn              (no ring)
MPRegen  0.12/turn              (no ring)

@: berserk cooldown, slowed, very slow
A: negative energy resistance 1, electricity resistance, unbreathing,
petrification resistance, rot immunity, AC +8
a: Berserk, Trog's Hand, Brothers in Arms, Renounce Religion


You were on level 9 of the Dungeon.
You worshipped Trog.
Trog was extremely pleased with you.
You were very full.

You visited 2 branches of the dungeon, and saw 10 of its levels.

You collected 417 gold pieces.

Inventory:

Hand Weapons
 a - a +0 broad axe (weapon)
 v - the +4 mace of Departure {chaos, SInv Stlth+}
   (You found it on level 4 of the Dungeon)

   Each time it hits an enemy it has a different, random effect.
   It lets you see invisible.
   It makes you more stealthy.
Armour
 b - a +0 plate armour (worn)
 l - a +1 helmet (worn)
 M - a +0 shield (worn)
Jewellery
 m - an uncursed amulet of rage
 p - an amulet of the gourmand (around neck)
 N - an uncursed ring of flight {unknown}
Wands
 q - a wand of polymorph (5)
 s - a wand of flame (12)
 C - a wand of random effects (20)
 F - a wand of clouds (5)
 K - a wand of digging (2)
Scrolls
 d - a scroll of amnesia {unknown}
 e - 4 scrolls of teleportation {unknown}
 f - a scroll of fear {unknown}
 j - 4 scrolls of remove curse {unknown}
 k - 10 scrolls of identify {unknown}
 n - 4 scrolls of enchant armour {unknown}
 w - a scroll of holy word {unknown}
 y - a scroll of enchant weapon {unknown}
 z - 2 scrolls of blinking {unknown}
 A - 5 scrolls of immolation {unknown}
 B - a scroll of fog {unknown}
 D - a scroll of torment {unknown}
 L - a scroll of noise {unknown}
Potions
 g - 6 potions of curing {unknown}
 h - 2 potions of flight {unknown}
 i - 3 potions of degeneration {unknown}
 o - a potion of cancellation {unknown}
 r - a potion of brilliance {unknown}
 t - a potion of might {unknown}
 u - 3 potions of heal wounds
 x - a potion of haste {unknown}
 E - a potion of ambrosia {unknown}
 G - a potion of invisibility {unknown}
 H - 2 potions of agility {unknown}
 I - a potion of mutation {unknown}
Comestibles
 c - 27 rations
 J - 3 chunks of flesh


   Skills:
 + Level 9.9 Fighting
 + Level 8.3 Axes
 + Level 9.5 Armour
 + Level 7.3 Dodging


You had 10 spell levels left.
You didn't know any spells.
Your spell library was empty.

Dungeon Overview and Level Annotations

Branches:
Dungeon (9/15)             Temple (1/1) D:4            Lair (0/6) D:9
    Orc: D:9-12

Altars:
Ashenzari
Cheibriados
Elyvilon
Gozag
Hepliaklqana
Kikubaaqudgha
Nemelex Xobeh
Sif Muna
Trog
Uskayaw
Vehumet
Wu Jian
Xom
Zin
The Shining One

Shops:
D:5 !

Annotations:
D:4 2 transporters
D:7 2 transporters, beanscad's ghost, novice OpMo


Innate Abilities, Weirdness & Mutations

You are resistant to torment.
Your stone body is resilient. (AC +8)
You are immune to poison.
You resist negative energy. (rN+)
You are resistant to electric shocks. (rElec)
You can survive without breathing.
You are immune to petrification.
You are immune to rotting.


Message History

You are too injured to fight recklessly!
You are too injured to fight recklessly!
You are too injured to fight recklessly!
You are too injured to fight recklessly!
You are too injured to fight recklessly!
You are too injured to fight recklessly!
You are too injured to fight recklessly!
You are too injured to fight recklessly!
The polar bear barely misses you.
The polar bear claws you but does no damage. x2
The polar bear bites you.
The polar bear claws you but does no damage.
You block the polar bear's attack.
You slash the polar bear!
The polar bear is almost dead.
The polar bear bites you!
* * * LOW HITPOINT WARNING * * *
The polar bear claws you but does no damage. x2
The polar bear bites you!
You die...

... ...# ... ####.####
######. .
#≈≈..≈≈≈##+#....... .
♣.#≈≈...≈≈#!......... ..
♣.#......≈#..†......≈
...♣............@......≈
... #≈......#..h.......
.....#≈≈...≈≈####......≈
.....#≈≈..≈≈≈#..#)....≈≈
♣....####.####..#.....≈≈.
..... #.##....#.....≈≈.
.... #.......+.....≈≈.
.... ####....#.....≈≈.
### ###..#.....≈≈.


You could see a polar bear (berserk).

Vanquished Creatures
  Harold (D:7)
  Pikel (D:4)
  Grinder (D:4)
  Prince Ribbit (D:5)
  Sigmund (D:6)
  A vampire (D:9)
  8 yaks (D:9)
  Edmund (D:5)
  Menkaure (D:5)
  3 wargs (D:9)
  Duvessa (D:7)
  5 ice beasts
  2 orc warriors (D:8)
  2 slaves (D:4)
  5 sky beasts
  A phantom (D:6)
  A wolf (D:8)
  2 ogres (D:8)
  5 centaurs
  Blork the orc (D:5)
  A big kobold (D:8)
  4 bullfrogs
  2 scorpions
  Dowan (D:7)
  3 killer bees (D:7)
  3 wights (D:8)
  2 crimson imps
  6 orc priests
  A hound (D:4)
  7 jellies
  Crazy Yiuf (D:4)
  12 orc wizards
  6 iguanas
  4 worker ants
  A centaur simulacrum (D:9)
  A hound skeleton (D:5)
  A howler monkey zombie (D:7)
  2 worker ant zombies
  13 adders
  A shadow imp (D:9)
  3 white imps (D:9)
  A worker ant simulacrum (D:9)
  An ufetubus (D:9)
  2 oozes
  2 adder skeletons (D:4)
  A dart slug (D:3)
  An adder simulacrum (D:9)
  6 leopard geckos
  26 orcs
  9 giant cockroaches
  10 hobgoblins
  4 jackals (D:8)
  5 kobolds
  6 quokkas
  11 bats
  4 frilled lizards
  6 goblins
  A leopard gecko skeleton (D:5)
  A quokka skeleton (D:6)
  2 quokka zombies (D:7)
  10 rats
228 creatures vanquished.

Notes
Turn   | Place    | Note
-------+----------+-------------------------------------------
     0 | D:1      | Fang the Gargoyle Berserker began the quest for the Orb.
     0 | D:1      | Reached XP level 1. HP: 14/14 MP: 1/1
   250 | D:1      | Reached XP level 2. HP: 16/19 MP: 2/2
   448 | D:1      | Reached XP level 3. HP: 20/23 MP: 3/3
   755 | D:2      | Found a faded altar of an unknown god.
   820 | D:2      | Reached ** piety under Trog
  1112 | D:2      | Reached XP level 4. HP: 28/29 MP: 4/4
  1204 | D:2      | Noticed a bullfrog
  1213 | D:2      | Killed a bullfrog
  1213 | D:2      | Reached XP level 5. HP: 21/33 MP: 5/5
  1490 | D:2      | Found a sparkling altar of Nemelex Xobeh.
  2606 | D:3      | Found a snail-covered altar of Cheibriados.
  2627 | D:3      | Reached XP level 6. HP: 39/39 MP: 6/6
  2638 | D:3      | Found a bloodstained altar of Trog.
  2716 | D:3      | Found a shattered altar of Ashenzari.
  2847 | D:3      | Found a bloodstained altar of Trog.
  3010 | D:3      | Found a white marble altar of Elyvilon.
  3270 | D:3      | Found a glowing golden altar of the Shining One.
  3271 | D:3      | Found an opulent altar of Gozag.
  3271 | D:3      | Found an ornate altar of the Wu Jian Council.
  3362 | D:4      | Found a transporter.
  3363 | D:4      | Noticed a kobold demonologist
  3401 | D:4      | Found a transporter.
  3463 | D:4      | Noticed a slave
  3465 | D:4      | Noticed a slave
  3468 | D:4      | Noticed a slave
  3469 | D:4      | Noticed a slave
  3469 | D:4      | Noticed Pikel
  3483 | D:4      | Killed a slave
  3484 | D:4      | Killed Pikel
  3484 | D:4      | Reached skill level 5 in Fighting
  3484 | D:4      | Reached skill level 5 in Armour
  3484 | D:4      | Reached XP level 7. HP: 41/45 MP: 7/7
  3587 | D:4      | Reached *** piety under Trog
  3622 | D:4      | Noticed Grinder
  3625 | D:4      | Paralysed by Grinder for 7 turns
  3638 | D:4      | Reached XP level 8. HP: 34/51 MP: 8/8
  3664 | D:4      | Killed Grinder
  3664 | D:4      | Reached skill level 5 in Axes
  3787 | D:4      | Found a staircase to the Ecumenical Temple.
  3789 | D:4      | Noticed an angel
  3790 | D:4      | Found a glowing silver altar of Zin.
  3797 | D:4      | Found a shimmering altar of Xom.
  3806 | Temple   | Entered the Ecumenical Temple
  3886 | D:4      | Found a runed translucent door.
  3887 | D:4      | Noticed Crazy Yiuf
  4023 | D:4      | Killed Crazy Yiuf
  4066 | D:4      | Got a warped mace
  4067 | D:4      | Identified the +4 mace of Departure {chaos, SInv Stlth+}
                  | (You found it on level 4 of the Dungeon)
  4149 | D:5      | Entered Level 5 of the Dungeon
  4302 | D:5      | Found a hide-covered altar of Uskayaw.
  4306 | D:5      | Noticed a +0 hand axe
  4307 | D:5      | Noticed a +0 dagger
  4308 | D:5      | Noticed Edmund
  4337 | D:5      | Killed Edmund
  4423 | D:5      | Noticed Blork the orc
  4458 | D:5      | Killed Blork the orc
  4458 | D:5      | Reached XP level 9. HP: 52/56 MP: 9/9
  4662 | D:5      | Found Woechopi's Distillery.
  4789 | D:5      | Reached skill level 5 in Dodging
  4844 | D:5      | Noticed Prince Ribbit
  4856 | D:5      | Killed Prince Ribbit
  4903 | D:5      | Noticed Menkaure
  4913 | D:5      | Killed Menkaure
  5039 | D:6      | Noticed Sigmund
  5051 | D:6      | Killed Sigmund
  5811 | D:6      | Reached **** piety under Trog
  6235 | D:7      | Noticed Dowan
  6237 | D:7      | Noticed Duvessa
  6243 | D:7      | Killed Dowan
  6262 | D:7      | Killed Duvessa
  6262 | D:7      | Reached XP level 10. HP: 38/64 MP: 10/10
  6500 | D:7      | Noticed Harold
  6520 | D:7      | Killed Harold
  6573 | D:7      | Found a transporter.
  6574 | D:7      | Found a transporter.
  6575 | D:7      | Found a bloodstained altar of Trog.
  6575 | D:7      | Noticed beanscad's ghost (novice OpMo)
  6578 | D:7      | Noticed a moth of wrath
  6596 | D:7      | Noticed a cyclops
  6671 | D:7      | Found a hazy altar of Hepliaklqana.
  7771 | D:8      | Found a radiant altar of Vehumet.
  7785 | D:8      | Found an ancient bone altar of Kikubaaqudgha.
  7799 | D:8      | Found a shimmering blue altar of Sif Muna.
  7820 | D:8      | Identified Sif Muna's Volume of the Escort
  7915 | D:8      | Reached ***** piety under Trog
  8669 | D:9      | Reached XP level 11. HP: 56/71 MP: 11/11
  9034 | D:9      | Found a staircase to the Lair.
  9276 | D:9      | Slain by a polar bear

Levels and vault maps discovered:
D:1:      elethiomel_arrival_fortress_basement, layout_basic
D:2:      layout_basic, nicolae_overflow_hidden_temple, first_ration,
          chequers_ecumenical_altar_simple_redux
D:3:      layout_loops_ring, cheibriados_altar_1, ashenzari_altar_1,
          overflow_temple_1_default, elyvilon_altar_3,
          gammafunk_temple_overflow_claw, trog_butcher_becter
D:4:      gammafunk_wand_slinger, layout_rooms,
          grunt_temple_overflow_order_and_chaos_1, temple_statues,
          minmay_bisected, uniq_pikel, uniq_grinder, uniq_crazy_yiuf_cottage
D:5:      layout_rooms, dancing_weapons_uskayaw, serial_shops,
          nicolae_shop_temple_entry_statues_fountains, uniq_blork_the_orc,
          uniq_prince_ribbit1, uniq_edmund, uniq_menkaure
D:6:      layout_cave_pods, uniq_sigmund
D:7:      layout_cave_pools, kennysheep_mini, gammafunk_ghost_wrathful_warriors,
          uniq_duvessa, uniq_harold
D:8:      layout_basic, palyth_temple_overflow_mages, grunt_pizzeria
D:9:      layout_gridville, erik_lair_orcish_takeover, serial_ice, serial_ice_i,
          serial_ice_n, serial_ice_c, serial_ice_m, serial_ice_b, serial_ice_o,
          serial_ice_e, serial_ice_d, serial_ice_g, serial_ice_a,
          kennysheep_decorative_pillar
Temple:   corrupted_temple

Skill      XL: |  1  2  3  4  5  6  7  8  9 10 |
---------------+-------------------------------+-----
Axes           | 3 4 5 6 8 |  8.3
Dodging        | 2 3 4 6 7 |  7.3
Fighting       | 4 5 6 8 9 |  9.9
Armour         | 3 5 6 7 9 |  9.5

Action                   |  1- 3 |  4- 6 |  7- 9 | 10-12 || total
-------------------------+-------+-------+-------+-------++-------
Melee: Hand axe          |   118 |   176 |   432 |    72 ||   798
       War axe           |       |       |       |   229 ||   229
       Broad axe         |       |       |       |    84 ||    84
Invok: Berserk           |       |     5 |     7 |     5 ||    17
       Trog's Hand       |       |     1 |     2 |       ||     3
 Stab: Sleeping          |     1 |     1 |       |       ||     2
  Eat: Chunk             |     1 |     8 |    31 |    15 ||    55
       Ration            |       |     1 |       |       ||     1
Armor: Animal skin       |    61 |    51 |       |       ||   112
       Chain mail        |       |    67 |   299 |    71 ||   437
       Plate armour      |       |       |       |   226 ||   226
Dodge: Dodged            |    94 |   118 |   252 |   211 ||   675
Block: Shield            |       |       |       |    29 ||    29
